 Dungeon Crawl Stone Soup version 0.17.1-3-g152610e (webtiles) character file.

6178 kaze the Nimble (level 10, -3/102 HPs)
             Began as a Troll Berserker on Feb 26, 2016.
             Was a High Priest of Trog.
             Slain by a yak (17 damage)
             ... on level 9 of the Dungeon.
             The game lasted 00:22:58 (8210 turns).

kaze the Nimble (Troll Berserker)                   Turns: 8210, Time: 00:22:58

Health: -3/102     AC:  7    Str: 32    XL:     10   Next: 60%
Magic:  9/9        EV: 12    Int:  3    God:    Trog [*****.]
Gold:   200        SH:  0    Dex:  9    Spells: 0 memorised, 9 levels left

rFire  + + +     SeeInvis .     E - +7 lajatang of Order {silver, rMut}
rCold  . . .     Clarity  +     l - +2 robe of the Pink Corner {rF+++ rC- Str+2}
rNeg   + . .     SustAt   .     (shield currently unavailable)
rPois  .         Gourm    +     (helmet restricted)
rElec  .         Spirit   .     (no cloak)
rCorr  .         Warding  .     (gloves unavailable)
rMut   +         Stasis   .     (boots unavailable)
MR     .....                    G - amulet of clarity
Stlth  +.........               s - ring of positive energy
                                r - ring of protection from cold

@: exhausted, slowed, very slow, not resistant to hostile enchantments, very
unstealthy
A: unfitting armour, claws 3, fast metabolism 3, gourmand, mutation resistance
1, regeneration 2, shaggy fur 1, tough skin 2
a: Berserk, Trog's Hand, Brothers in Arms, Burn Spellbooks, Renounce Religion


You were on level 9 of the Dungeon.
You worshipped Trog.
Trog was extremely pleased with you.
You were not hungry.

You visited 1 branch of the dungeon, and saw 9 of its levels.

You collected 525 gold pieces.
You spent 325 gold pieces at shops.

Inventory:

Hand Weapons
 i - a +2 battleaxe of chopping
 w - a +2 war axe
 E - the +7 lajatang of Order (weapon) {silver, rMut}
   (You found it on level 9 of the Dungeon)

   It protects you from mutation.
Missiles
 e - 7 tomahawks (quivered)
 D - 6 large rocks
Armour
 a - a +1 animal skin
 l - the +2 robe of the Pink Corner (worn) {rF+++ rC- Str+2}
   (You found it on level 4 of the Dungeon)

   It affects your strength (+2).
   It renders you almost immune to fire.
   It makes you vulnerable to cold.
Jewellery
 r - a ring of protection from cold (left claw)
 s - a ring of positive energy (right claw)
 G - an amulet of clarity (around neck)
Wands
 o - a wand of frost (19)
Scrolls
 d - 4 scrolls of noise
 h - 4 scrolls of magic mapping
 j - 2 scrolls of fog
 t - 2 scrolls of teleportation
 u - a scroll of enchant weapon
 v - 2 scrolls of blinking
 x - 4 scrolls of remove curse
 z - 2 scrolls of random uselessness
Potions
 c - 4 potions of might
 g - a potion of brilliance
 m - a potion of berserk rage {unknown}
 n - a potion of flight
 q - a potion of curing {unknown}
 B - a potion of cure mutation {unknown}
Comestibles
 b - 7 bread rations
 f - 3 slices of pizza
 k - a meat ration
 p - 8 fruits


   Skills:
 + Level 7.4 Fighting
 + Level 6.0 Axes
 + Level 1.4 Staves
 + Level 1.4 Throwing
 + Level 8.8 Dodging
 - Level 1.3 Stealth
 + Level 5.5 Unarmed Combat


You had 9 spell levels left.
You didn't know any spells.

Dungeon Overview and Level Annotations

Branches:
Dungeon (9/15)             Temple (0/1) D:5            Lair (0/8) D:8
    Orc: D:9-12

Altars:
Ashenzari
Cheibriados
Fedhas
Okawaru
Ru
Vehumet
Yredelemnul

Shops:
D:6 (


Innate Abilities, Weirdness & Mutations

You are too large for most types of armour.
You have claws for hands.
Your metabolism is lightning-fast.
You like to eat raw meat.
You heal very quickly.
You are covered in fur (AC +1).
You have very tough skin (AC +2).
You are somewhat resistant to further mutation.


Message History

The yak gores you. The yak barely misses you.
You slash the yak!
The yak is moderately wounded.
The yak gores you. The yak gores you!
* * * LOW HITPOINT WARNING * * *
You slash the yak!
The yak is heavily wounded.
The yak gores you.
* * * LOW HITPOINT WARNING * * *
The yak gores you but does no damage.
You hit the yak.
The yak is severely wounded.
The yak gores you!
* * * LOW HITPOINT WARNING * * *
The yak gores you!
* * * LOW HITPOINT WARNING * * *
You barely miss the yak.
The yak is severely wounded.
The yak gores you!
You die...

,,,,,,,,**,**,* #,,* *,# #..
*,**,,,,,,,,,,* #..####.# #..
*,**,,,***,**** #..,..#.# #..
*,*******#+** #.###.#.# #(. *,*
**...** ##.......## #.. *,*
**,....** #.........# #.. ,,*
**,,!....**#.##.#.##.# #..
,,****,,,......##.#.......#####..
,,,,,+,,,......Y@...^###.........
,,****,,,......##.#..# #..#.####.
,** **,,.....**#.##.#*#..#.# #.
** **,....** #.........#.# ##.
*******...** #####.#####.# #..
**≈≈≈≈≈*#+** #.# #.# #.#
*≈≈≈≈≈≈≈*,* *.# #.# #.#
*≈≈,,,≈≈*,*** *.# #.###.#
*≈≈,_,≈≈*,*,** *,* #......


You could see a yak.

Vanquished Creatures
  The ghost of SaintRoka the Chopper, a novice NaEn of Okawaru (D:9)
  Pikel (D:4)
  The ghost of kaze the Ruffian, an amateur TrBe of Trog (D:4)
  A shadow (D:9)
  Sigmund (D:2)
  A wraith (D:8)
  A wyvern (D:9)
  7 yaks
  A hippogriff (D:7)
  A water moccasin (D:7)
  3 slaves (D:4)
  A black bear (D:8)
  2 sky beasts
  4 orc warriors
  7 ogres
  2 phantoms
  An eye of draining (D:9)
  3 giant frogs
  2 gnoll sergeants
  A water moccasin zombie (D:6)
  A water moccasin skeleton (D:8)
  The ghost of SaintRoka the Ruffian, a weakling NaTm (D:3)
  6 killer bees (D:7)
  3 crimson imps
  An orc priest (D:6)
  3 iguanas
  A jelly (D:5)
  6 orc wizards
  5 worker ants
  A hound skeleton (D:6)
  9 gnolls
  2 worker ant zombies
  Robin (D:3)
  6 adders
  2 shadow imps
  An ooze (D:2)
  An adder zombie (D:8)
  2 giant geckos
  22 orcs
  12 goblins
  8 hobgoblins
  2 jackals (D:1)
  4 kobolds
  A quokka (D:5)
  2 ball pythons
  5 bats
  2 giant cockroaches
  A giant gecko skeleton (D:8)
  7 giant newts
  5 rats
  2 fungi (D:1)
167 creatures vanquished.

Notes
Turn   | Place    | Note
--------------------------------------------------------------
     0 | D:1      | kaze the Troll Berserker began the quest for the Orb.
     0 | D:1      | Reached XP level 1. HP: 22/22 MP: 0/0
   424 | D:1      | Reached XP level 2. HP: 29/29 MP: 1/1
   824 | D:2      | Reached XP level 3. HP: 24/36 MP: 2/2
   829 | D:2      | Found a blossoming altar of Fedhas.
   888 | D:2      | Noticed Sigmund
   894 | D:2      | Killed Sigmund
   894 | D:2      | Reached skill level 4 in Unarmed Combat
   894 | D:2      | Reached XP level 4. HP: 45/45 MP: 3/3
   894 | D:2      | Reached XP level 5. HP: 53/53 MP: 4/4
   909 | D:2      | Reached ** piety under Trog
  1609 | D:3      | Found a radiant altar of Vehumet.
  1640 | D:3      | Found an iron altar of Okawaru.
  1929 | D:3      | Noticed Robin
  1933 | D:3      | Killed Robin
  1964 | D:3      | Noticed SaintRoka's ghost (weakling NaTm)
  1975 | D:3      | Killed SaintRoka's ghost
  1975 | D:3      | Reached XP level 6. HP: 61/61 MP: 5/5
  2578 | D:4      | Noticed kaze's ghost (amateur TrBe)
  2593 | D:4      | Killed kaze's ghost
  2593 | D:4      | Reached skill level 1 in Stealth
  2593 | D:4      | Reached XP level 7. HP: 68/68 MP: 6/6
  2666 | D:4      | Noticed Pikel
  2685 | D:4      | HP: 4/102 [Pikel/whip of freezing (8)]
  2703 | D:4      | Killed Pikel
  2703 | D:4      | Reached skill level 1 in Axes
  2703 | D:4      | Reached skill level 5 in Dodging
  2703 | D:4      | Reached skill level 5 in Unarmed Combat
  2703 | D:4      | Reached XP level 8. HP: 6/79 MP: 7/7
  2898 | D:4      | Got an opalescent robe
  3108 | D:4      | Found a basalt altar of Yredelemnul.
  3433 | D:5      | Entered Level 5 of the Dungeon
  3454 | D:5      | Found a staircase to the Ecumenical Temple.
  3670 | D:5      | Found a snail-covered altar of Cheibriados.
  3695 | D:5      | Reached *** piety under Trog
  5031 | D:6      | Reached skill level 5 in Fighting
  5083 | D:6      | Reached skill level 6 in Dodging
  5298 | D:6      | Found a shattered altar of Ashenzari.
  5309 | D:6      | Identified the +2 robe of the Pink Corner {rF+++ rC- Str+2} (You found it on level 4 of the Dungeon)
  5547 | D:6      | Found Beotsep's Weapon Boutique.
  5563 | D:6      | Bought a +2 battleaxe of chopping for 325 gold pieces
  5698 | D:6      | Reached XP level 9. HP: 56/88 MP: 8/8
  5936 | D:7      | Reached skill level 1 in Throwing
  6063 | D:7      | Reached skill level 7 in Dodging
  6078 | D:7      | Gained mutation: You are somewhat resistant to further mutation. [mutagenic meat]
  7019 | D:7      | Reached **** piety under Trog
  7200 | D:8      | Reached skill level 5 in Axes
  7203 | D:8      | Found a staircase to the Lair.
  7241 | D:8      | Found a sacrificial altar of Ru.
  7441 | D:8      | Reached XP level 10. HP: 77/100 MP: 9/9
  7504 | D:8      | Reached skill level 8 in Dodging
  7833 | D:9      | Reached ***** piety under Trog
  8125 | D:9      | Noticed SaintRoka's ghost (novice NaEn)
  8137 | D:9      | Killed SaintRoka's ghost
  8149 | D:9      | Reached skill level 1 in Staves
  8210 | D:9      | Slain by a yak

Action                   |  1- 3 |  4- 6 |  7- 9 | 10-12 || total
-------------------------+-------+-------+-------+-------++-------
Melee: Unarmed           |    63 |    86 |       |       ||   149
       War axe           |       |     9 |   120 |       ||   129
       Battleaxe         |       |       |   118 |    42 ||   160
       Lajatang          |       |       |       |    49 ||    49
Throw: Tomahawk          |       |       |     7 |     3 ||    10
Invok: Berserk           |     1 |     2 |    11 |     6 ||    20
       Burn Spellbooks   |       |       |     4 |       ||     4
       Trog's Hand       |       |       |     2 |     1 ||     3
  Use: Scroll            |       |    10 |     1 |     5 ||    16
       Potion            |       |       |     6 |       ||     6
 Stab: Sleeping          |       |     1 |     2 |       ||     3
  Eat: Chunk             |     9 |    22 |    44 |     8 ||    83
       Fruit             |       |       |    10 |       ||    10
       Bread ration      |       |       |     2 |       ||     2
